Map: 2000 Atmospheres LE

Players

Lemon - Winner!

  • Race: Terran Terran

ButAlways

  • Race: Protoss Protoss

Event: DreamHack SC2 Masters 2021 Fall

VOD

Have the link to the VOD?

Description

Time

  • Played on: July 29, 2021, 8:01 a.m.
  • Length: 16:07

All games in this series

Show
View Real Time Build Order
Export as new Build Order

Lemon Terran - Winner!

Build Orders:  

Get SALT Encoding   

  12  0:00  SCV  
  13  0:12  SCV  
  14  0:17  Supply Depot  
  14  0:24  SCV  
  15  0:38  SCV  
  15  0:39  Barracks  
  16  0:43  Refinery  
  16  0:50  SCV  
  17  1:02  SCV  
  18  1:14  SCV  
  19  1:27  Marine, Orbital Command  
  20  1:42  Command Center  
  21  1:54  SCV  
  21  1:58  Factory  
  21  2:05  Barracks Reactor  
  21  2:06  SCV  
  22  2:12  Supply Depot  
  22  2:18  Refinery, SCV  
  23  2:34  SCV  
  24  2:38  Bunker  
  24  2:41  Marine x2, Factory Tech Lab  
  26  2:46  SCV  
  27  2:55  Orbital Command  
  27  2:58  SCV  
  28  2:59  Marine x2  
  33  3:10  SCV  
  34  3:14  Starport  
  34  3:20  Siege Tank  
  34  3:21  SCV  
  34  3:22  SCV  
  34  3:23  Marine x2  
  38  3:33  SCV  
  39  3:34  SCV  
  40  3:41  Marine x2, Barracks  
  40  3:45  SCV  
  40  3:46  SCV  
  40  3:47  Supply Depot  
  44  3:57  SCV  
  44  3:58  SCV  
  44  4:00  Barracks  
  46  4:04  Factory Tech Lab  
  46  4:09  Marine, Raven, SCV  
  50  4:10  Supply Depot  
  50  4:12  Engineering Bay  
  50  4:15  Refinery  
  51  4:17  SCV  
  51  4:21  SCV  
  52  4:29  Marine, SCV  
  52  4:31  Marine  
  54  4:32  Supply Depot  
  54  4:34  SCV  
  54  4:36  Supply Depot  
  54  4:37  Stimpack  
  56  4:41  SCV, Marauder  
  56  4:45  Terran Infantry Weapons Level 1  
  59  4:46  SCV  
  59  4:48  Marine  
  59  4:49  Marine  
  62  4:53  SCV  
  62  4:57  Refinery  
  63  5:00  Combat Shield  
  63  5:01  Marauder  
  63  5:03  Marauder  
  67  5:08  SCV  
  66  5:25  Marine x2  
  66  5:26  Marauder x2, Starport Reactor  
  66  5:27  SCV x2, Factory Reactor  
  74  5:35  Supply Depot  
  74  5:39  SCV x2  
  74  5:42  Supply Depot  
  76  5:45  Marine x2  
  78  5:52  Supply Depot  
  78  5:57  Supply Depot, Marauder x2  
  82  6:00  SCV  
  82  6:01  SCV  
  82  6:02  Medivac  
  82  6:03  Marine x2, Medivac  
  94  6:04  Widow Mine x2  
  94  6:14  Command Center  
  94  6:18  Marauder x2  
  96  6:21  Marine x2  
  96  6:24  SCV x2  
  99  6:28  Barracks  
  99  6:33  Barracks  
  99  6:37  Supply Depot  
  99  6:38  Widow Mine, Medivac  
  99  6:39  Widow Mine, Medivac  
  107  6:46  Marine x2  
  107  6:47  Marauder  
  107  6:51  Marauder  
  110  6:56  Terran Infantry Armor Level 1  
  110  6:57  Concussive Shells  
  110  6:58  SCV x2  
  110  6:59  Supply Depot  
  111  7:15  Marine x2, Marauder x2  
  109  7:17  Barracks Tech Lab  
  109  7:19  Widow Mine x2, Medivac x2  
  118  7:26  Barracks Reactor  
  118  7:27  Orbital Command  
  118  7:33  Marine  
  118  7:34  Marine  
  120  7:37  Marauder  
  120  7:41  Marine  
  120  7:42  Widow Mine x2, Marauder  
  99  8:01  Marine x2  
  99  8:02  Marine, Marauder x2  
  99  8:03  Marauder  
  99  8:04  Widow Mine  
  105  8:06  SCV  
  105  8:07  SCV x2  
  105  8:09  Marine  
  109  8:13  Armory  
  109  8:14  Engineering Bay  
  109  8:18  Widow Mine  
  109  8:19  SCV x3  
  110  8:21  Supply Depot  
  110  8:22  Supply Depot  
  110  8:23  Marine x4, Marauder  
  110  8:25  Marauder  
  118  8:31  SCV x3  
  118  8:33  Viking x2  
  127  8:34  Widow Mine  
  127  8:42  Marauder  
  127  8:43  SCV  
  127  8:45  SCV x2  
  127  8:46  Refinery  
  127  8:47  Supply Depot  
  132  8:49  Refinery  
  132  8:52  Marine x3, Marauder x2  
  132  8:55  SCV  
  140  9:00  Widow Mine x2  
  140  9:02  SCV x2  
  146  9:05  Terran Infantry Weapons Level 2  
  146  9:06  Supply Depot  
  146  9:07  SCV  
  147  9:14  Marine x4, Marauder  
  147  9:15  Marauder x2  
  159  9:24  Widow Mine x2, Medivac x2  
  159  9:29  SCV x3  
  168  9:32  Marine x3  
  168  9:36  Marauder  
  168  9:37  Marauder  
  173  9:46  Command Center  
  173  9:48  Terran Ship Weapons Level 1  
  173  9:52  Starport  
  172  9:55  Marine  
  173  10:25  Marauder  
  173  10:27  Missile Turret  
  173  10:28  Marauder  
  173  10:39  Supply Depot x2  
  173  10:40  Barracks  
  173  10:42  Barracks  
  173  10:44  Supply Depot, Barracks  
  173  10:45  Viking  
  173  10:53  Refinery, Ghost Academy  
  173  10:57  Refinery  
  173  10:58  Marine x5, Viking x3, Marauder  
  185  11:10  Marine  
  184  11:11  Planetary Fortress  
  184  11:15  Marine  
  184  11:17  Marine x2  
  184  11:18  Marine, Marauder  
  190  11:20  Marauder  
  190  11:22  Supply Depot  
  192  11:28  Marine  
  192  11:29  Barracks Tech Lab x2  
  193  11:34  SCV x2  
  193  11:39  SCV  
  198  11:40  Marauder, Ghost  
  198  11:41  Barracks Tech Lab  
  198  11:42  Enhanced Shockwaves  
  198  11:43  Terran Infantry Weapons Level 3  
  198  11:44  Terran Ship Weapons Level 2  
  198  11:45  Terran Infantry Armor Level 2  
  200  12:00  Marine  
  200  12:01  Sensor Tower  
  198  12:11  Command Center  
  198  12:14  Marine x3, Ghost x2  
  198  12:15  Marine  
  195  12:25  Marine, Ghost x2  
  199  12:43  Marine  
  200  12:47  Fusion Core  
  198  13:04  Ghost  
  198  13:05  Command Center  
  200  13:06  Command Center  
  197  13:27  Ghost  
  197  13:28  Marine x3, Ghost  
  197  13:30  Command Center  
  194  13:37  Marine  
  194  13:38  Medivac x2, Marauder x3  
  198  13:46  Ghost  
  198  13:47  Marine x2  
  200  13:52  Marine  
  200  13:55  Marine  
  196  14:08  Medivac x2  
  196  14:09  Planetary Fortress  
  200  14:11  Advanced Ballistics  
  200  14:14  Refinery  
  200  14:15  Refinery  
  200  14:40  Orbital Command x2  
  198  14:56  Ghost x3  
  198  14:57  Marine x5, Ghost x2  
  198  14:58  Viking x3  
  169  15:04  Medivac  
  151  15:14  Marine x2  
  151  15:15  Marine, Marauder  
  151  15:17  Marine  
  153  15:21  Planetary Fortress  
  153  15:25  Marine  
  153  15:26  Marauder x4  
  153  15:28  Medivac  
  158  15:29  Medivac  
  158  15:32  Marine x3  
  169  15:37  Marauder  
  148  15:43  Marine  
  148  15:44  Marauder  
  148  15:47  Marine  
Show
View Real Time Build Order
Export as new Build Order

ButAlways Protoss 

Build Orders: 1 Gate Expand, Blink Stalkers 

Get SALT Encoding   

  12  0:00  Probe  
  13  0:12  Probe  
  14  0:16  Pylon  
  14  0:24  Probe  
  15  0:34  Gateway  
  15  0:37  Probe (Chrono Boost)  
  16  0:46  Probe (Chrono Boost)  
  16  0:47  Assimilator  
  17  0:51  Probe (Chrono Boost)  
  18  1:03  Probe  
  19  1:23  Nexus  
  19  1:30  Cybernetics Core  
  19  1:34  Probe  
  20  1:40  Assimilator  
  20  1:46  Probe (Chrono Boost)  
  21  1:50  Pylon  
  21  1:58  Probe (Chrono Boost)  
  22  2:03  Probe (Chrono Boost)  
  22  2:07  Sentry (Chrono Boost)  
  25  2:12  Probe, Warp Gate  
  25  2:24  Stalker  
  25  2:25  Probe (Chrono Boost)  
  28  2:34  Probe (Chrono Boost)  
  30  2:41  Twilight Council  
  30  2:42  Probe (Chrono Boost)  
  31  2:44  Probe (Chrono Boost)  
  31  2:49  Probe x2 (Chrono Boost)  
  33  2:54  Stalker  
  35  3:00  Probe  
  35  3:02  Probe  
  37  3:06  Gateway  
  37  3:11  Blink (Chrono Boost)  
  37  3:13  Shield Battery, Probe  
  37  3:15  Probe  
  39  3:25  Probe  
  41  3:27  Probe  
  41  3:31  Pylon  
  41  3:37  Probe  
  41  3:39  Probe  
  43  3:49  Probe  
  43  3:52  Probe  
  45  3:57  Nexus  
  45  3:58  Pylon  
  45  4:01  Probe  
  45  4:02  Assimilator  
  46  4:04  Probe  
  46  4:05  Stalker  
  49  4:10  Stalker  
  49  4:13  Probe  
  49  4:17  Probe  
  53  4:22  Robotics Facility  
  53  4:25  Pylon, Probe  
  53  4:29  Probe  
  53  4:30  Stalker  
  57  4:33  Stalker  
  57  4:37  Probe  
  60  4:41  Probe  
  60  4:43  Gateway  
  60  4:45  Charge (Chrono Boost)  
  61  4:47  Gateway  
  61  4:51  Probe  
  62  4:53  Probe  
  63  5:04  Probe  
  63  5:05  Probe  
  65  5:07  Stalker x2  
  65  5:21  Robotics Bay  
  57  5:30  Stalker x2  
  61  5:38  Gateway x2  
  61  5:40  Probe x2  
  61  5:41  Probe  
  61  5:42  Observer, Gateway, Shield Battery  
  65  5:43  Gateway  
  65  5:47  Stalker x2  
  69  5:52  Probe  
  69  5:53  Pylon  
  69  5:54  Probe  
  71  5:58  Probe  
  71  6:00  Zealot  
  75  6:04  Pylon  
  75  6:05  Colossus (Chrono Boost), Probe  
  81  6:11  Probe  
  81  6:12  Zealot  
  84  6:23  Sentry  
  84  6:24  Zealot x2  
  90  6:31  Extended Thermal Lance  
  90  6:33  Zealot x3  
  90  6:36  Pylon  
  90  6:38  Pylon  
  90  6:39  Forge  
  96  6:45  Zealot x3  
  100  6:53  Stalker  
  100  6:58  Zealot x4  
  107  7:02  Pylon  
  107  7:03  Observer (Chrono Boost)  
  106  7:15  Stalker x3  
  104  7:17  Zealot  
  104  7:21  Assimilator  
  106  7:23  Zealot  
  106  7:24  Zealot x3  
  106  7:27  Colossus (Chrono Boost)  
  120  7:40  Zealot x2  
  120  7:41  Zealot  
  122  7:51  Zealot x5  
  87  8:00  Protoss Ground Weapons Level 1 (Chrono Boost)  
  87  8:03  Shield Battery  
  87  8:04  Observer  
  85  8:06  Shield Battery  
  85  8:11  Colossus (Chrono Boost), Sentry  
  85  8:12  Zealot x4  
  101  8:29  Assimilator  
  101  8:30  Templar Archives  
  101  8:32  Zealot  
  101  8:33  Zealot x4  
  111  8:45  Sentry  
  111  8:46  Stalker  
  116  8:52  Warp Prism (Chrono Boost)  
  116  8:55  Pylon  
  117  8:56  Pylon  
  117  9:06  Pylon  
  116  9:19  Observer (Chrono Boost)  
  116  9:22  Stalker  
  116  9:23  High Templar x2  
  121  9:24  Zealot x5  
  121  9:28  Assimilator  
  121  9:30  Archon  
  131  9:31  Pylon  
  131  9:34  Pylon  
  131  9:40  Observer  
  127  9:48  Stalker x6  
  137  9:54  Pylon, Observer (Chrono Boost)  
  138  10:01  Protoss Ground Weapons Level 2 (Chrono Boost)  
  138  10:03  Stalker x2  
  141  10:18  Stalker x4  
  149  10:22  Pylon  
  149  10:26  Disruptor (Chrono Boost)  
  151  10:37  Zealot x4  
  151  10:40  Psionic Storm  
  159  10:42  Zealot x4  
  167  10:55  Pylon, Disruptor (Chrono Boost)  
  170  10:57  High Templar  
  170  10:59  Pylon  
  170  11:00  Pylon  
  170  11:01  Pylon  
  169  11:12  Pylon  
  169  11:14  Pylon  
  169  11:23  Immortal (Chrono Boost)  
  171  11:28  High Templar  
  171  11:29  High Templar  
  171  11:30  Stalker  
  171  11:32  Photon Cannon  
  175  11:37  High Templar  
  175  11:38  Zealot x4  
  185  11:54  Observer (Chrono Boost), Stalker  
  184  11:58  Stalker x4  
  194  12:15  Disruptor  
  185  12:25  High Templar x2  
  185  12:26  Zealot x6  
  191  12:50  Stalker x4  
  197  13:00  Disruptor (Chrono Boost)  
  197  13:01  Protoss Ground Weapons Level 3 (Chrono Boost)  
  200  13:16  Nexus  
  185  13:42  High Templar x3  
  185  13:43  Zealot x5  
  181  13:52  Archon  
  181  13:55  Pylon  
  163  13:56  Disruptor (Chrono Boost)  
  164  14:05  Stalker x5  
  174  14:19  Stalker x3  
  178  14:27  Disruptor (Chrono Boost)  
  181  14:37  Stalker x3  
  177  14:42  Stalker  
  179  14:47  High Templar x3  
  164  15:07  High Templar  
  164  15:08  High Templar  
  167  15:20  Zealot x5  
  171  15:32  Stalker  
  140  15:48  Archon  

Tags
 
Add a new tag
Caveats
  • Supply blocks, unpowered buildings, or Contaminate may cause inaccurate times.
  • Supply counts are checked every 10 seconds.